 Dungeon Crawl Stone Soup version 0.23.2-1-ga50397a6bc (webtiles) character file.

Game seed: 15865644981631058094

21525 KamiKatze the Cleaver (level 12, 0/120 HPs)
             Began as a Gargoyle Berserker on May 27, 2019.
             Was a High Priest of Trog.
             Slain by a quicksilver dragon zombie (8 damage)
             ... led by a necromancer
             ... on level 4 of the Abyss.
             The game lasted 00:55:59 (12778 turns).

KamiKatze the Cleaver (Gargoyle Berserker)         Turns: 12778, Time: 00:56:00

Health: 0/120      AC: 26    Str: 26    XL:     12   Next: 90%
Magic:  13/13      EV: -1    Int:  8    God:    Trog [*****.]
Gold:   646        SH:  0    Dex:  9    Spells: 11/11 levels left

rFire    . . .     SeeInvis .   a - +2 war axe
rCold    + + .     Gourm    .   (no shield)
rNeg     + + +     Faith    .   (armour currently unavailable)
rPois    ∞         Spirit   .   (helmet currently unavailable)
rElec    .         Reflect  .   (cloak currently unavailable)
rCorr    .         Harm     .   (gloves currently unavailable)
MR       ++...     NoTele   +   (boots currently unavailable)
Stlth    +.........             l - amulet of regeneration
HPRegen  1.70/turn              g - ring of protection from cold
MPRegen  0.13/turn              d - ring of protection from cold

@: confused, tree-form, regenerating, constricted
A: negative energy resistance 1, petrification resistance, rot immunity, AC +8
a: Berserk, Trog's Hand, Brothers in Arms, Renounce Religion


You were on level 4 of the Abyss.
You worshipped Trog.
Trog was extremely pleased with you.
You were hungry.
You were a tree.
You visited 3 branches of the dungeon, and saw 18 of its levels.
You visited the Abyss 1 time.

You collected 691 gold pieces.
You spent 45 gold pieces at shops.

Inventory:

Hand Weapons
 a - a +2 war axe (weapon)
 b - a +1 battleaxe of venom
 q - a +0 hunting sling
 w - a +0 morningstar
Missiles
 e - 389 stones (quivered)
 f - 6 curare-tipped needles
 m - 57 poisoned needles
 o - 8 steel javelins
 t - 155 sling bullets
 A - 5 needles of confusion
 M - 10 tomahawks
 S - 6 javelins
Armour
 v - a +0 chain mail (melded)
 C - a +1 pair of boots (melded)
 P - a +2 pair of gloves (melded)
Jewellery
 d - a ring of protection from cold (right branch)
 g - a ring of protection from cold (left branch)
 l - an amulet of regeneration (around neck)
Wands
 s - a wand of flame (15)
 x - a wand of acid (15)
 y - a wand of digging (6)
 G - a wand of paralysis (8)
 I - a wand of disintegration (11)
 L - a wand of iceblast (28)
Scrolls
 i - a scroll of fear
 j - a scroll of enchant armour {unknown}
 n - 3 scrolls of fog
 z - 2 scrolls of teleportation
 B - 2 scrolls of magic mapping
 J - 7 scrolls of remove curse
 K - a scroll of summoning
Potions
 h - a potion of resistance
 k - 2 potions of flight
 p - 4 potions of invisibility
 r - 5 potions of curing
 D - a potion of might
 N - a potion of agility
 R - a potion of mutation
Miscellaneous
 E - a phial of floods
Comestibles
 c - 18 rations


   Skills:
 + Level 11.5 Fighting
 * Level 13.1 Axes
 - Level 2.0 Slings
 + Level 9.1 Armour
 + Level 6.8 Dodging
 - Level 2.0 Evocations


You had 11 spell levels left.
You didn't know any spells.
Your spell library was empty.

Dungeon Overview and Level Annotations

Branches:
Dungeon (11/15)            Temple (1/1) D:7            Lair (6/6) D:8
 Shoals (0/4) Lair:4       Spider (0/4) Lair:3          Orc (0/2) D:10
  Slime: Lair:5-6

Altars:
Ashenzari
Cheibriados
Dithmenos
Elyvilon
Fedhas
Gozag
Hepliaklqana
Kikubaaqudgha
Makhleb
Nemelex Xobeh
Okawaru
Qazlal
Ru
Sif Muna
Trog
Uskayaw
Vehumet
Wu Jian
Xom
Yredelemnul
Zin
The Shining One

Shops:
D:6 *   D:8 *

Annotations:
D:6 exclusion: oklob plant
D:10 1 runed translucent door, ciphuk's ghost, journeyman MfMo
Lair:4 Rupert
Lair:5 3 runed translucent doors


Innate Abilities, Weirdness & Mutations

You are resistant to torment.
((Your stone body is resilient. (AC +8)))
You are immune to poison.
You resist negative energy. (rN+)
((You are resistant to electric shocks. (rElec)))
((You can survive without breathing.))
You are immune to petrification.
You are immune to rotting.


Message History

Your +0 chain mail melds into your body.
Your roots penetrate the ground.
The necromancer hits you but does no damage.
The anaconda skeleton bites you but does no damage.
* * * LOW HITPOINT WARNING * * *
The anaconda skeleton constricts you.
A starcursed mass splits.
The quicksilver dragon zombie bites you but does no damage.
The quicksilver dragon zombie claws you but does no damage.
Unknown command.
Unknown command.
Okay, then.
Unknown command.
You are confused.
You feel invigorated.
The anaconda skeleton bites you but does no damage.
The anaconda skeleton constricts you.
The necromancer gestures wildly while chanting.
The necromancer binds the souls of nearby monsters.
The quicksilver dragon zombie bites you!
You die...

.. ##.###.# ..##..
#.........X.#... #
#.#....#.#....#.#.
# #. ...........#
... #.#..
....#.#.#
....x.(.#........
# ......##.....#.
. # ...
.#.#Z#Z.#..... ...
#..p♣## ## . . .
##..## .... #
...##. . ...#. .
## #. . # #. .


You could see a starcursed mass, a necromancer, a quicksilver dragon zombie and
an anaconda skeleton.

Vanquished Creatures
  3 hydras (Lair:3)
  Urug (Lair:2)
  A soul eater (Abyss:4)
  An orb spider (Lair:3)
  6 elephants (Lair:2)
  A torpor snail (Lair:3)
  6 spiny frogs
  2 komodo dragons
  2 trolls
  A polar bear (Lair:4)
  A hornet (Lair:5)
  6 dream sheep (Lair:4)
  14 blink frogs
  Eustachio (D:6)
  5 yaks
  A dire elephant simulacrum (Abyss:4)
  A basilisk (Lair:1)
  A hungry ghost (D:7)
  A human (D:8)
  A small abomination (Abyss:4)
  7 water moccasins
  2 porcupines (Lair:4)
  2 orc warriors
  4 ice beasts
  2 black bears
  A phantom (D:4)
  A sky beast (D:9)
  2 necrophages
  An ogre (D:4)
  6 wolves
  8 centaurs
  9 crocodiles
  A big kobold (D:8)
  10 bullfrogs
  A gnoll sergeant (D:7)
  A wyvern skeleton (D:10)
  A howler monkey (D:6)
  9 wights
  4 electric eels (D:8)
  5 crimson imps
  A bullfrog zombie (D:10)
  9 hounds
  9 jellies
  A centaur skeleton (D:10)
  8 orc wizards
  5 orc priests
  5 bullfrog skeletons
  Ijyb (D:5)
  Terence (D:2)
  3 iguanas
  7 worker ants
  A hound zombie (D:5)
  4 gnolls (D:7)
  14 adders
  A river rat (D:6)
  4 shadow imps
  13 oozes
  An adder zombie (D:5)
  2 worms
  6 dart slugs
  3 leopard geckos
  31 orcs
  4 ball pythons
  7 bats
  7 giant cockroaches
  7 goblins
  8 hobgoblins
  18 jackals
  11 kobolds
  2 quokkas
  3 frilled lizards
  A giant cockroach zombie (D:5)
  A quokka skeleton (D:9)
  11 rats
  A fungus (Lair:2)
  A plant (Lair:4)
345 creatures vanquished.

Vanquished Creatures (others)
  9 fungi
  4 plants
  5 toadstools (D:1)
18 creatures vanquished.

Grand Total: 363 creatures vanquished

Notes
Turn   | Place    | Note
-------+----------+-------------------------------------------
     0 | D:1      | KamiKatze the Gargoyle Berserker began the quest for the
                  | Orb.
     0 | D:1      | Reached XP level 1. HP: 14/14 MP: 1/1
   104 | D:1      | Reached XP level 2. HP: 17/19 MP: 2/2
   108 | D:1      | Reached skill level 3 in Axes
   362 | D:1      | Reached XP level 3. HP: 21/23 MP: 3/3
   373 | D:1      | Reached skill level 1 in Slings
   525 | D:1      | Reached ** piety under Trog
   772 | D:2      | Reached XP level 4. HP: 25/29 MP: 4/4
  1063 | D:2      | Noticed Terence
  1076 | D:2      | Killed Terence
  1076 | D:2      | Reached skill level 4 in Axes
  1077 | D:2      | Reached XP level 5. HP: 33/33 MP: 5/5
  1526 | D:3      | Reached *** piety under Trog
  1577 | D:3      | Found a shattered altar of Ashenzari.
  1730 | D:3      | You fall through a shaft for 3 floors!
  1757 | D:5      | Entered Level 5 of the Dungeon
  1766 | D:5      | Found a sacrificial altar of Ru.
  2055 | D:3      | Reached XP level 6. HP: 39/39 MP: 6/6
  2122 | D:3      | Found an ornate altar of the Wu Jian Council.
  2597 | D:4      | Found a snail-covered altar of Cheibriados.
  2685 | D:4      | Reached skill level 5 in Axes
  2755 | D:4      | Reached skill level 5 in Fighting
  2762 | D:4      | Reached XP level 7. HP: 10/44 MP: 7/7
  2977 | D:4      | Reached skill level 6 in Axes
  3000 | D:4      | Found a sparkling altar of Nemelex Xobeh.
  3310 | D:5      | Found a blossoming altar of Fedhas.
  3434 | D:5      | Found a stormy altar of Qazlal.
  3673 | D:5      | Noticed Ijyb
  3736 | D:5      | Reached skill level 1 in Evocations
  3917 | D:5      | Killed Ijyb
  4009 | D:5      | Reached XP level 8. HP: 6/51 MP: 7/9
  4172 | D:6      | Noticed Eustachio
  4223 | D:6      | You fall through a shaft for 2 floors!
  4326 | D:8      | Reached skill level 7 in Axes
  4513 | D:8      | Found an opulent altar of Gozag.
  4524 | D:8      | Found Gozag's Platinum Reserve.
  4853 | D:6      | Killed Eustachio
  4853 | D:6      | Reached skill level 8 in Axes
  5003 | D:6      | Noticed an oklob plant
  5014 | D:6      | Reached XP level 9. HP: 33/57 MP: 10/10
  5030 | D:5      | Reached **** piety under Trog
  5107 | D:5      | Received a gift from Trog
  5452 | D:6      | Found Itagej's General Store.
  5455 | D:6      | Bought a scroll of magic mapping for 45 gold pieces
  5578 | D:7      | Reached skill level 9 in Axes
  5613 | D:7      | Found a white marble altar of Elyvilon.
  5797 | D:7      | Found a staircase to the Ecumenical Temple.
  5807 | Temple   | Entered the Ecumenical Temple
  6401 | D:8      | Found a staircase to the Lair.
  6410 | D:8      | Noticed a troll
  6411 | D:8      | Received a gift from Trog
  6415 | D:8      | Reached XP level 10. HP: 47/65 MP: 11/11
  6450 | D:8      | HP: 2/97 [troll (8)]
  6451 | D:8      | Reached skill level 10 in Axes
  6991 | Lair:1   | Entered Level 1 of the Lair of Beasts
  7491 | D:9      | Reached ***** piety under Trog
  7580 | D:9      | Reached skill level 5 in Armour
  8045 | D:10     | Entered Level 10 of the Dungeon
  8045 | D:10     | Found a staircase to the Orcish Mines.
  8137 | D:10     | Noticed ciphuk's ghost (journeyman MfMo)
  8144 | D:10     | Found a runed translucent door.
  9057 | D:11     | Noticed a death knight
  9057 | D:11     | Noticed a phantasmal warrior
  9057 | D:11     | Noticed a phantasmal warrior
  9057 | D:11     | Noticed a cyclops
  9311 | Lair:1   | Reached XP level 11. HP: 21/71 MP: 12/12
  9314 | Lair:1   | Reached skill level 11 in Axes
  9722 | Lair:1   | Reached skill level 10 in Fighting
  9722 | Lair:1   | Reached skill level 5 in Dodging
 11002 | Lair:2   | Reached skill level 12 in Axes
 11127 | Lair:3   | Noticed Urug
 11147 | Lair:3   | Noticed an eight-headed hydra
 11227 | Lair:2   | Killed Urug
 11227 | Lair:2   | Reached XP level 12. HP: 56/79 MP: 13/13
 11305 | Lair:3   | Killed an eight-headed hydra
 11558 | Lair:3   | Found a hole to the Spider Nest.
 11629 | Lair:3   | You fall through a shaft for 3 floors!
 11629 | Lair:6   | Entered Level 6 of the Lair of Beasts
 11646 | Lair:5   | Found a runed translucent gate.
 11646 | Lair:5   | Found a runed translucent gate.
 11646 | Lair:5   | Found a runed translucent gate.
 11741 | Lair:3   | Found a runed translucent door.
 11747 | Lair:3   | Noticed a four-headed hydra
 11766 | Lair:3   | Killed a four-headed hydra
 12260 | Lair:4   | Received a gift from Trog
 12456 | Lair:4   | Found a staircase to the Shoals.
 12456 | Lair:4   | Noticed Rupert
 12532 | Lair:4   | Reached skill level 13 in Axes
 12547 | Lair:4   | Noticed an eight-headed hydra
 12564 | Lair:3   | Killed an eight-headed hydra
 12697 | Lair:4   | Cast into level 4 of the Abyss (Rupert)
 12705 | Abyss:4  | Noticed a soul eater
 12732 | Abyss:4  | Killed a soul eater
 12767 | Abyss:4  | HP: 3/80 [dire elephant simulacrum[a necromancer] (14)]
 12776 | Abyss:4  | Noticed a starcursed mass
 12776 | Abyss:4  | HP: 2/80 [quicksilver dragon zombie[a necromancer] (4)]
 12778 | Abyss:4  | Slain by a quicksilver dragon zombie

Skill      XL: |  1  2  3  4  5  6  7  8  9 10 11 12 |
---------------+-------------------------------------+-----
Axes           | 3 4 5 6 8 9 10 12 13 | 13.1
Slings         | 1 2 |  2.0
Fighting       | 4 5 6 7 8 9 10 11 | 11.5
Evocations     | 1 2 |  2.0
Dodging        | 3 4 5 6 |  6.8
Armour         | 4 6 7 9 |  9.1

Action                   |  1- 3 |  4- 6 |  7- 9 | 10-12 || total
-------------------------+-------+-------+-------+-------++-------
Melee: Hand axe          |   124 |   214 |   145 |       ||   483
       War axe           |       |       |   283 |   715 ||   998
       Morningstar       |       |       |       |    30 ||    30
       Battleaxe         |       |       |       |    14 ||    14
 Fire: Hunting sling     |       |       |     1 |    13 ||    14
Throw: Stone             |       |       |     4 |     6 ||    10
Invok: Berserk           |       |     2 |     2 |     6 ||    10
       Trog's Hand       |       |     1 |     3 |     5 ||     9
Evoke: Wand              |       |       |       |     5 ||     5
  Use: Scroll            |       |     8 |     7 |    11 ||    26
       Potion            |       |       |       |     5 ||     5
  Eat: Chunk             |       |     8 |    12 |    24 ||    44
       Ration            |       |       |     2 |     1 ||     3
Armor: Animal skin       |     5 |       |       |       ||     5
       Leather armour    |    48 |    25 |       |       ||    73
       Ring mail         |       |    98 |    90 |       ||   188
       Scale mail        |       |       |   142 |   135 ||   277
       Chain mail        |       |       |       |   464 ||   464
       Skin              |       |       |       |     5 ||     5
Dodge: Dodged            |    63 |   133 |   257 |   402 ||   855
